[Event "*** SCC Grand Prix: Titled Tuesday Blitz"]
[Site "Chess.com"]
[Date "2020.07.14"]
[Round "9"]
[White "Supernotar"]
[Black "Oneofmyturns"]
[Result "1/2-1/2"]
[WhiteElo "2832"]
[BlackElo "2712"]
[TimeControl "180+1"]
[EndTime "11:48:28 PDT"]
[Termination "Game drawn by repetition"]

1. d4 Nf6 2. c4 e6 3. Nf3 d5 4. e3 Be7 5. Nbd2 O-O 6. b3 c5 7.
Bb2 b6 8. Bd3 Bb7 9. O-O Nbd7 10. Qe2 Rc8 11. e4 dxe4 12. Nxe4 Nxe4 13. Bxe4 Bxe4 14.
Qxe4 Nf6 15. Qe2 cxd4 16. Nxd4 Rc7 17. Rad1 Qa8 18. Rd3 Rd7 19. Rfd1 Rfd8 20. Nf3 Rxd3 21. Rxd3 Rxd3 22. Qxd3 Qe4 23. Qxe4 Nxe4 24. Kf1 Bf6 25. Ne5 Nc5 26. Ke2 Kf8 27. b4 Nb7 28. Kd3 Ke8 29. Bd4 Bxe5 30. Bxe5 f6 31. Bb8 a6 32.
Bc7 b5 33. c5 Kd7 34. Bb6 Kc6 35. Kd4 Nd6 36. cxd6 Kxb6 37. d7 Kc7 38. Kc5 Kxd7 39. Kb6 e5 40. Kxa6 Kc6 41. Ka5 e4 42. h4 f5 43. g3 g6 44. a4 bxa4 45. b5+ Kb7 46. Kxa4 h6 47. Kb4 g5 48. Kc4 f4 49. hxg5 hxg5 50. g4 Kb6 51. Kd4 e3 52. fxe3 f3 53.
Kd3 Kxb5 54. e4 Kc5 55. Ke3 Kc4 56. Kf2 Kc5 57. Kg3 Kc4 58. Kxf3 Kc5 59. Ke3 Kc4 60.
Kf2 Kc5 61. Kf3 Kd4 62. e5 Kxe5 63. Ke3 Kd5 64. Kd3 Ke5 65. Ke3 Kd5 66. Kd3 Ke5 67. Ke3 1/2-1/2

[Event "*** SCC Grand Prix: Titled Tuesday Blitz"]
[Site "Chess.com"]
[Date "2020.07.14"]
[Round "9"]
[White "m_ezat"]
[Black "Sychev_Klementy"]
[Result "1/2-1/2"]
[WhiteElo "2556"]
[BlackElo "2722"]
[TimeControl "180+1"]
[EndTime "11:48:31 PDT"]
[Termination "Game drawn by repetition"]

1. d4 Nf6 2. c4 g6 3. Nc3 d5 4. Bg5 Bg7 5. Bxf6 Bxf6 6. cxd5 c5 7. dxc6 Bxd4 8. Rc1 Nxc6 9. e3 Bxc3+ 10. Rxc3 Qxd1+ 11. Kxd1 O-O 12. Bb5 Rd8+ 13. Ke2 Nb4 14. a3 Nd5 15. Rc1 Bf5 16. Nf3 a6 17. Bc4 Nb6 18. Rhd1 Rxd1 19. Kxd1 Rd8+ 20. Nd2 Na4 21. b3 Nb2+ 22. Ke2 b5 23. e4 Bg4+ 24. f3 Bc8 25. Bd5 e6 26.
Rc2 exd5 27. Rxb2 Be6 28. Ke3 Kg7 29. b4 Rc8 30. Kd4 Rd8 31. e5 Rc8 32. Nb3 Rc4+ 33. Ke3 Rc3+ 34. Kd2 Rc4 35. Nc5 Bc8 36. Rc2 Kf8 37.
Rxc4 dxc4 38. Kc3 Ke7 39. Kd4 f6 40. Ne4 fxe5+ 41. Kxe5 Bb7 42. Nc3 Bc6 43. h4 Bb7 44. Kd4 Kd6 45. a4 Bc6 46. a5 h6 47. Ne2 g5 48.
hxg5 hxg5 49. f4 gxf4 50. Nxf4 Bb7 51. g4 Ke7 52. g5 Kf7 53. Kc3 Bc8 54. Kd4 Bb7 55.
Kc3 Bc6 56. Kd4 Bd7 57. Kc3 Kg7 58. Kd4 Bc8 59. Kc3 Kf8 60. Kd4 Kf7 61. Kc3 Bf5 62. Kd4 Bc8 63. Kc3 Bb7 64. Kd4 Bc8 1/2-1/2

[Event "*** SCC Grand Prix: Titled Tuesday Blitz"]
[Site "Chess.com"]
[Date "2020.07.14"]
[Round "9"]
[White "Shubinkirill2003"]
[Black "AryanTari"]
[Result "1/2-1/2"]
[WhiteElo "2657"]
[BlackElo "2861"]
[TimeControl "180+1"]
[EndTime "11:48:35 PDT"]
[Termination "Game drawn - insufficient material"]

1. e4 c6 2. d4 d5 3. exd5 cxd5 4. Bd3 Nc6 5. c3 Qc7 6. Ne2 Bg4 7. O-O e6 8. Qe1 Be7 9. Ng3 Nf6 10. h3 Bh5 11.
Nxh5 Nxh5 12. f4 O-O 13. Be3 f5 14. Nd2 Bd6 15. Qh4 Nf6 16. Nf3 Rae8 17. Ne5 Ne4 18.
g4 Nxe5 19. fxe5 Be7 20. Qe1 Qd8 21. gxf5 Bh4 22. Qd1 exf5 23. Bxe4 dxe4 24. Kh1 Bg3 25. Kg2 f4 26. Qg4 g5 27. h4 h6 28. hxg5 Qxg5 29.
Kh3 Kh7 30. Qxg5 hxg5 31. Kg4 Kg6 32. c4 Rh8 33. Rh1 Bh2 34. Bf2 e3 35. Be1 Ref8 36. Kf3 Kf5 37. Ke2 g4 38. Kd3 f3 39. d5 Bf4 40.
Rxh8 Rxh8 41. e6 f2 42. Bc3 Rg8 43. e7 g3 44. d6 Bxd6 45. Kxe3 g2 46. Kxf2 Bc5+ 47.
Kf3 g1=Q 48. Rxg1 Bxg1 49. b4 Bb6 50. c5 Bc7 51. b5 Re8 52. Bb4 Rxe7 53. b6 Be5 54. c6 Rf7 55. bxa7 Ke6+ 56. Ke2 Rf2+ 57. Kxf2 Bd4+ 58. Ke2 Bxa7 59. cxb7 Kd7 60. Bc5 Bb8 61. a4 Kc6 62. Bd4 Kxb7 63. Kd3 Ka6 64. Kc4 Kb7 65. Kb3 Ka8 66. Kc4 Ba7 67. Kb5 Bxd4 68. a5 Bg1 69. a6 Ba7 70. Kc6 Bb8 71. a7 Bxa7 1/2-1/2

[Event "*** SCC Grand Prix: Titled Tuesday Blitz"]
[Site "Chess.com"]
[Date "2020.07.14"]
[Round "9"]
[White "Niclox"]
[Black "onnoelgersma"]
[Result "0-1"]
[WhiteElo "2693"]
[BlackElo "2443"]
[TimeControl "180+1"]
[EndTime "11:48:35 PDT"]
[Termination "onnoelgersma won by resignation"]

1. e4 c6 2. d4 d5 3. exd5 cxd5 4.
c4 Nf6 5. Nc3 g6 6. Nf3 Bg7 7.
cxd5 O-O 8. Bc4 Nbd7 9. O-O Nb6 10. Bb3 Nbxd5 11. Bg5 Nxc3 12. bxc3 Ne4 13. Bd2 Bg4 14. Be1 Rc8 15. h3 Bf5 16. c4 Qc7 17. Bb4 Rfd8 18.
Qe2 a5 19. Ba3 a4 20. Bxa4 Ra8 21. Bxe7 Qxe7 22. Bc2 Bxd4 23. Rae1 Bc3 24. Bxe4 Bxe1 25. Rxe1 Bxe4 26. Qxe4 Qxe4 27. Rxe4 Rxa2 28. Re7 Rc2 29. Rxb7 Rxc4 30. Ne5 Rf4 31. g3 Rf5 32. Nc6 Rd1+ 33.
Kg2 Kg7 34. Rb2 Rc5 35. Nb8 Rdc1 36. Nd7 R1c2 37. Rxc2 Rxc2 38. Ne5 Rc7 39. Ng4 f6 40. Ne3 Rd7 41. h4 h5 42. Nc4 Kf7 43. Ne3 Ke6 44.
Kf3 Ra7 45. Kg2 Ke5 46. Nc4+ Kd4 47. Nd6 Kd3 48. Ne8 Ra6 49. Nc7 Rc6 50. Nd5 Ke4 51. Nf4 Kf5 52. Ne2 Rd6 53. Nf4 g5 54. Nxh5 Kg6 55. g4 gxh4 56. f4 Rd3 57. Kh2 f5 58. gxf5+ Kxh5 59. f6 Kg4 60. f7 Rd8 61. f5 Rf8 62. f6 Rxf7 63. Kg2 Rxf6 64. Kh2 h3 65. Kg1 Ra6 66. Kf2 Ra2+ 67. Ke3 0-1

[Event "*** SCC Grand Prix: Titled Tuesday Blitz"]
[Site "Chess.com"]
[Date "2020.07.14"]
[Round "9"]
[White "warmoatmeal"]
[Black "bgfbfbgfbgfgf"]
[Result "0-1"]
[WhiteElo "2357"]
[BlackElo "2676"]
[TimeControl "180+1"]
[EndTime "11:48:36 PDT"]
[Termination "bgfbfbgfbgfgf won by checkmate"]

1. Nf3 Nf6 2. d4 g6 3. c4 Bg7 4.
Nc3 c5 5. d5 O-O 6. Bg5 d6 7. e3 h6 8. Bh4 Bg4 9. Be2 a6 10. h3 Bxf3 11. Bxf3 Nbd7 12. O-O Ne8 13.
Rc1 b5 14. b3 b4 15. Ne2 a5 16. e4 a4 17. Bg3 axb3 18. axb3 Ne5 19. Kh2 Ra3 20.
Rb1 e6 21. Re1 Nc7 22. Nc1 exd5 23. exd5 Re8 24. Nd3 Nxf3+ 25. Qxf3 Rxe1 26. Nxe1 Ne8 27. Nc2 Ra2 28. Qd3 Nf6 29. Re1 Nh5 30. Qe4 Nxg3 31.
Kxg3 Be5+ 32. f4 Qg5+ 33. Kf3 Qh5+ 34. Kg3 Qg5+ 35. Kf3 Bxf4 36. Qxf4 Rxc2 37. Re8+ Kg7 38. Qxg5 hxg5 39. Rd8 Rc3+ 40. Kf2 Rxb3 41. Rxd6 Rc3 42. Rc6 Rxc4 43. d6 Kf6 44. Ke3 Ke6 45. Rc7 Kxd6 46. Rxf7 Rc3+ 47. Kd2 Rg3 48. Rf6+ Kd5 49. Rxg6 Rxg2+ 50. Ke3 b3 51. Rb6 b2 52. Kf3 Rc2 53. Kg4 c4 54. Kxg5 c3 55. h4 Rg2+ 56. Kf4 Rg1 57.
h5 c2 58. Rb5+ Kc6 59. Rxb2 c1=Q+ 60. Kf5 Qxb2 61. h6 Rf1+ 62. Kg6 Qg2+ 63. Kh7 Kd6 64. Kh8 Qg6 65. h7 Rf8# 0-1

[Event "*** SCC Grand Prix: Titled Tuesday Blitz"]
[Site "Chess.com"]
[Date "2020.07.14"]
[Round "9"]
[White "realmadridtv"]
[Black "vaishali2001"]
[Result "0-1"]
[WhiteElo "2457"]
[BlackElo "2610"]
[TimeControl "180+1"]
[EndTime "11:48:38 PDT"]
[Termination "vaishali2001 won by checkmate"]

1. d4 Nf6 2. c4 g6 3. g3 c5 4.
dxc5 Qa5+ 5. Nc3 Qxc5 6. Qa4 Qc6 7. Nf3 Qxa4 8. Nxa4 Bg7 9. Bg2 O-O 10. O-O d5 11. cxd5 Nxd5 12. Rd1 Nb4 13. Bd2 N8c6 14. a3 Nc2 15. Rac1 N2d4 16. Nxd4 Nxd4 17. Kf1 Bg4 18. f3 Be6 19. Nc5 Nb3 20. Nxe6 fxe6 21. Rc2 Rac8 22. Bc3 Rc7 23. Ke1 Rfc8 24. Rd3 b5 25. Bh3 Kf7 26. Re3 Rc6 27. Bxg7 Rxc2 28. Bxe6+ Kxg7 29. Bxc8 Rxb2 30. Rxe7+ Kf6 31. Rxa7 Nd4 32. Ra6+ Ke7 33. Ra7+ Kf6 34. Ra6+ Ke7 35. Kf1 Rxe2 36. Ra7+ Kf6 37.
Rxh7 Rc2 38. Bb7 Nf5 39. Be4 Ne3+ 40. Ke1 Rb2 41. Rc7 Rxh2 42. g4 Kg5 43. Rc6 Kf4 44. Rxg6 Nc4 45. Rc6 Ke3 46. Rxc4 bxc4 47. Kd1 c3 48. a4 Kd4 49. a5 Ra2 50. g5 Rxa5 51. g6 Rg5 52. Kc2 Rg2+ 53. Kb3 Rg3 54. Bc2 Rxf3 55.
g7 Rg3 56. Bb1 Rxg7 57. Kc2 Rb7 58. Ba2 Rb2+ 59. Kd1 Rxa2 60. Kc1 Kd3 61. Kb1 Rb2+ 62. Ka1 Rb5 63. Ka2 c2 64. Ka3 c1=Q+ 65. Ka2 Qb2# 0-1

[Event "*** SCC Grand Prix: Titled Tuesday Blitz"]
[Site "Chess.com"]
[Date "2020.07.14"]
[Round "9"]
[White "Munkhzul_Turmunkh"]
[Black "Evgeny81"]
[Result "1-0"]
[WhiteElo "2572"]
[BlackElo "2731"]
[TimeControl "180+1"]
[EndTime "11:48:41 PDT"]
[Termination "Munkhzul_Turmunkh won by checkmate"]

1. e4 e5 2. Nf3 Nc6 3. Bb5 a6 4. Ba4 Nf6 5. O-O Be7 6. Re1 b5 7. Bb3 d6 8. c3 Na5 9. Bc2 c5 10.
h3 Qc7 11. d4 Bd7 12. d5 O-O 13. Nbd2 Rfb8 14. b3 c4 15. Bb2 Qc8 16. b4 Nb7 17. Nf1 Bd8 18. Ng3 Bb6 19. Bc1 Ne8 20.
Nh4 g6 21. Nhf5 gxf5 22. exf5 f6 23. Qg4+ Kh8 24. Bh6 Qc7 25. Qh5 Nd8 26. Re4 Ng7 27. Bxg7+ Kxg7 28. Rh4 Nf7 29. Qxh7+ Kf8 30. Qg6 Ke7 31.
Rh7 Rf8 32. Ne4 Be8 33. Qxf6+ Kd7 34. Qg7 Kc8 35. Qxf8 Kb7 36. Qg7 Rd8 37. Qf6 Kb8 38. a4 a5 39. bxa5 Bxa5 40. axb5 Bb6 41. Ra6 Rd7 42. Qe6 Rd8 43. Nf6 Qc5 44. Rxb6+ Qxb6 45. Nxe8 Ng5 46. Qe7 Nxh7 47. Qxh7 Rxe8 48. f6 Qd8 49. f7 Rf8 50. Bg6 Qf6 51. Qg8 Qe7 52. Qg7 e4 53.
Kh2 Rd8 54. Qd4 Kb7 55. g3 Rf8 56. h4 Rd8 57. h5 Rf8 58. Kg2 Qg5 59. Qxe4 Qf6 60.
Qe3 Qg7 61. b6 Qf6 62. Qe4 Rd8 63. Qe3 Qg7 64. Qe7+ Kxb6 65. Qxd8+ Kc5 66. f8=Q Qxc3 67. Qfxd6+ Kd4 68. Q8f6# 1-0

[Event "*** SCC Grand Prix: Titled Tuesday Blitz"]
[Site "Chess.com"]
[Date "2020.07.14"]
[Round "9"]
[White "FabianoCaruana"]
[Black "AnishOnYoutube"]
[Result "1-0"]
[WhiteElo "3036"]
[BlackElo "2876"]
[TimeControl "180+1"]
[EndTime "11:48:42 PDT"]
[Termination "FabianoCaruana won on time"]

1. d4 Nf6 2. c4 e6 3. Nf3 d5 4. g3 Bb4+ 5. Bd2 Be7 6. Bg2 O-O 7.
O-O Nbd7 8. Qc2 c6 9. Rd1 b6 10. Bf4 Bb7 11. Nc3 dxc4 12. Ne5 Nxe5 13. dxe5 Nd5 14. Ne4 b5 15. b3 cxb3 16. axb3 h6 17. Bd2 Qc7 18. Nd6 Bxd6 19. Ba5 Qd7 20. exd6 e5 21. Qc5 Rfe8 22. e4 Nf6 23. Bc3 Qe6 24. b4 Nd7 25. Qe3 a6 26. h4 Nf6 27. Qb6 Rab8 28. Qc5 Nd7 29. Qe3 Nf6 30. Rd2 Red8 31. Rad1 Bc8 32. Qc5 Re8 33. Bb2 Bd7 34. Ra1 Ra8 35. Bc3 Qc4 36. Qxc4 bxc4 37. Ra5 Be6 38. Rxe5 Reb8 39. Ra5 Rb5 40. Rda2 Rxa5 41. Rxa5 Nd7 42. e5 Bd5 43. Bxd5 cxd5 44. Rxd5 Rc8 45. Ra5 Rc6 46.
f4 g6 47. Kf2 h5 48. Ke3 Kf8 49. Kd4 Ke8 50. Kd5 Rb6 51. Kxc4 Rc6+ 52. Kd3 Nf8 53. Bd4 Ne6 54. Bc5 Kd7 55. Kc4 Kc8 56. Kd5 Kb7 57. Ra1 Rc8 58. Rf1 Rd8 59. f5 gxf5 60. Rxf5 Rd7 61. Be3 Nc7+ 62. Ke4 Ne6 63. Rxh5 Kc6 64. Rf5 Kb5 65. Bd2 Kc4 66. h5 a5 67. bxa5 Nc5+ 68. Kf3 Rb7 69. h6 Rb3+ 70. Kg4 Ne4 71. Rf4 Kd5 72. Rxe4 Kxe4 73. h7 Rb8 74. Bg5 Rh8 75.
d7 1-0

[Event "*** SCC Grand Prix: Titled Tuesday Blitz"]
[Site "Chess.com"]
[Date "2020.07.14"]
[Round "9"]
[White "GAusal"]
[Black "allvim"]
[Result "0-1"]
[WhiteElo "2065"]
[BlackElo "2247"]
[TimeControl "180+1"]
[EndTime "11:48:43 PDT"]
[Termination "allvim won on time"]

1. d4 Nf6 2. Nf3 g6 3. c4 d5 4.
Bg5 Bg7 5. Bxf6 Bxf6 6. Nc3 c6 7. e3 O-O 8. cxd5 cxd5 9. Be2 Nc6 10. O-O Bg4 11. h3 Bf5 12. a3 Rc8 13. Na4 b6 14. Nc3 Na5 15. Nb5 Bc2 16. Qe1 Nb3 17. Nxa7 Ra8 18. Nc6 Qd6 19. Nb4 Nxa1 20. Qxa1 Be4 21.
Nd2 Bf5 22. Qd1 Rfc8 23. Bf3 Be6 24. Qb3 Rd8 25. Bxd5 Bxd5 26. Nxd5 Qxd5 27. Qxd5 Rxd5 28.
Rc1 Rb5 29. Rc2 e6 30. Ne4 Be7 31. Nc3 Rba5 32. Ne4 Kf8 33. g4 Rb5 34. Kg2 Rba5 35. Nc3 R5a7 36. Ne4 Rb7 37. Kg3 Rbb8 38. h4 Rc8 39.
Rd2 b5 40. g5 b4 41. axb4 Bxb4 42. Rd3 Be7 43. b3 Rab8 44. Nd2 Rc7 45. f4 Rcb7 46. Kf3 Bb4 47. Nc4 Be7 48. Na5 Rb5 49. Nc6 Rxb3 50. Rd1 R8b6 51. Ne5 Rb1 52. Rd3 R6b3 53. Rd2 Rf1+ 54.
Kg2 Rbb1 55. Rc2 Rg1+ 56. Kf3 Rgc1 57. Ra2 Rc8 58. Ra7 Rbc1 59. Ke4 R1c7 60. Ra6 Kg7 61. Ra4 f5+ 62. gxf6+ Bxf6 63. Ng4 Bxh4 64. Ra6 Re8 65. Ne5 Bf6 66. Ng4 h5 67. Nf2 h4 68. Nh3 Rc1 69. Ra7+ Re7 0-1

[Event "*** SCC Grand Prix: Titled Tuesday Blitz"]
[Site "Chess.com"]
[Date "2020.07.14"]
[Round "9"]
[White "jannat65"]
[Black "DonBroca"]
[Result "1-0"]
[WhiteElo "1825"]
[BlackElo "2092"]
[TimeControl "180+1"]
[EndTime "11:48:44 PDT"]
[Termination "jannat65 won on time"]

1. e4 c5 2. Nf3 d6 3. d4 cxd4 4. Nxd4 Nf6 5. Nc3 g6 6. Be3 Bg7 7. f3 O-O 8. Qd2 Nc6 9. Bc4 Bd7 10. O-O-O Rc8 11. Bb3 Ne5 12. h3 a6 13. f4 Nc4 14.
Bxc4 Rxc4 15. g4 Rxc3 16. Qxc3 Nxe4 17. Qb3 b5 18. Rhe1 Nc5 19. Qa3 Qc7 20. Nb3 Nb7 21. Qb4 Rc8 22. Re2 a5 23. Qe4 Be6 24. Bd4 a4 25. Na1 Bc4 26. Red2 Nc5 27. Qe3 Bxd4 28. Qxd4 Bxa2 29. Re1 Bb3 30. Kb1 Be6 31. f5 gxf5 32.
gxf5 Bxf5 33. Rg1+ Bg6 34. h4 Nb3 35. Nxb3 axb3 36.
Rxg6+ hxg6 37. c3 Qc4 38. Qxc4 bxc4 39. Re2 Rc7 40. Re4 d5 41. Re5 e6 42. Kc1 Kg7 43. Kd2 f6 44. Rxe6 Kf7 45. Rd6 Rc5 46. Ke3 Ke7 47. Ra6 Rb5 48. Kd4 f5 49. Ra7+ Kf6 50. Ra6+ Kg7 51. Rd6 Ra5 52. Rxd5 Ra2 53. Rd7+ Kh6 54. Kxc4 Rxb2 55. Rb7 Rh2 56. Rxb3 Rxh4+ 57. Kd5 g5 58. Ke5 Rf4 59. Rb6+ Kh5 60. Rb8 Kg4 61. Rb1 Rc4 62. Rb3 f4 63. Kd5 Ra4 64.
c4 f3 65. c5 f2 66. Rb1 Rf4 67.
Rf1 Kg3 68. c6 Kg2 69. c7 1-0

[Event "*** SCC Grand Prix: Titled Tuesday Blitz"]
[Site "Chess.com"]
[Date "2020.07.14"]
[Round "9"]
[White "IMHansNiemann"]
[Black "RaunakSadhwani2005"]
[Result "1/2-1/2"]
[WhiteElo "2871"]
[BlackElo "2954"]
[TimeControl "180+1"]
[EndTime "11:48:45 PDT"]
[Termination "Game drawn by repetition"]

1. d4 f5 2. e4 fxe4 3. Nc3 Nf6 4. Bg5 g6 5. Bc4 Nc6 6. d5 Ne5 7. Bb3 Nf7 8. Be3 Bg7 9. Nge2 c6 10. Ng3 cxd5 11. Nxd5 Nxd5 12. Qxd5 e6 13. Qxe4 Bxb2 14. Rd1 Bc3+ 15. Kf1 Qf6 16. h4 O-O 17. h5 d5 18. Qd3 g5 19. h6 Be5 20. Kg1 Bd7 21. c3 Bxg3 22. Bc2 Bxf2+ 23. Bxf2 Qxf2+ 24. Kxf2 Ne5+ 25. Ke3 Nxd3 26. Bxd3 Rac8 27. Rh5 Kh8 28. Rxg5 Rf7 29. Rc1 Bc6 30. g4 Rf6 31. Rh5 Rcf8 32.
Re1 Rf3+ 33. Kd2 Rf2+ 34. Re2 Rxe2+ 35. Kxe2 d4 36. cxd4 Bf3+ 37. Ke3 Bxg4 38. Rg5 Bf5 39. Bxf5 Rxf5 40. Rg7 Rf6 41. Rxb7 Rxh6 42. Rxa7 Rh1 43. Ke4 h5 44. Ke5 h4 45. Kxe6 h3 46. Ra5 Kg7 47. Rh5 Kg6 48. Rh8 Kg7 49. Rh4 Kg6 50. d5 Kg5 51.
Rh8 h2 52. Kd7 Kg4 53. d6 Kg3 54. Rg8+ Kf3 55. Rf8+ Kg3 56. Rg8+ Kf3 57. Rh8 Kg3 58. Kd8 Rd1 59. d7 h1=Q 60. Rxh1 Rxh1 61. a4 Ra1 62. Kc7 Rc1+ 63. Kd6 Rd1+ 64. Ke6 Re1+ 65. Kf7 Rd1 66. Ke7 Re1+ 67. Kd8 Ra1 68. Kc8 Rc1+ 69. Kb7 Rd1 70. Kc6 Rc1+ 71. Kd6 Rd1+ 72. Ke6 Re1+ 73. Kf7 Rd1 74. Ke7 Re1+ 75. Kd6 Rd1+ 1/2-1/2

[Event "*** SCC Grand Prix: Titled Tuesday Blitz"]
[Site "Chess.com"]
[Date "2020.07.14"]
[Round "9"]
[White "Jbd735"]
[Black "AndrewMaco"]
[Result "1/2-1/2"]
[WhiteElo "2469"]
[BlackElo "2617"]
[TimeControl "180+1"]
[EndTime "11:48:45 PDT"]
[Termination "Game drawn - insufficient material"]

1. e4 c6 2. d4 d5 3. Nc3 dxe4 4. Nxe4 Nf6 5. Nxf6+ exf6 6. c3 Bd6 7. Bd3 O-O 8. Qc2 Re8+ 9. Ne2 h5 10. O-O h4 11. h3 Nd7 12. Bf4 Nf8 13. Bxd6 Qxd6 14. Rfe1 Bd7 15. Qd2 g5 16. Bc2 Kg7 17. Kh1 Ng6 18.
Ng1 Nf4 19. Ne2 Nxg2 20. Kxg2 Qd5+ 21. Kh2 Bxh3 22. Nf4 gxf4 23. Rg1+ Kf8 24. Qxf4 Be6 25. Qxf6 Qd8 26. Qh6+ Ke7 27. Qxh4+ Kd7 28. Qxd8+ Raxd8 29. Rg3 Rh8+ 30. Kg1 Bd5 31. Bf5+ Kc7 32. Bh3 Rde8 33. Bg2 Be6 34. b3 a5 35. Re1 a4 36. c4 a3 37.
d5 Bd7 38. Rxe8 Rxe8 39. dxc6 Re1+ 40. Kh2 bxc6 41. b4 Rb1 42. Rxa3 Rxb4 43. Ra7+ Kd6 44. c5+ Ke6 45. Bh3+ f5 46. Bxf5+ Kxf5 47. Rxd7 Ra4 48.
Rd6 Rxa2 49. Kg3 Ra6 50. f3 Kg5 51. Kf2 Kf4 52. Rd4+ Ke5 53. Rd6 Kf4 54. Rd4+ Kf5 55. Rd6 Ke5 56. Rd2 Ra5 57. Rc2 Kd4 58. Kg3 Kd3 59. Rc1 Kd2 60. Rc4 Kd3 61. Rc1 Ra3 62. Kg4 Kd2 63. Rb1 Rc3 64. Rb6 Rxc5 65. f4 Rc1 66. f5 c5 67. f6 Rg1+ 68. Kf5 c4 69. Rd6+ Ke3 70. Rc6 Kd4 71. f7 c3 72. Ke6 Re1+ 73. Kd7 Rf1 74. Ke7 Kd3 75. f8=Q Rxf8 76. Kxf8 c2 77. Rxc2 Kxc2 1/2-1/2

[Event "*** SCC Grand Prix: Titled Tuesday Blitz"]
[Site "Chess.com"]
[Date "2020.07.14"]
[Round "9"]
[White "Ausbildung"]
[Black "MarceloPlaya"]
[Result "0-1"]
[WhiteElo "2210"]
[BlackElo "2338"]
[TimeControl "180+1"]
[EndTime "11:48:45 PDT"]
[Termination "MarceloPlaya won by resignation"]

1. e4 e6 2. d4 d5 3. Bd3 c5 4. exd5 exd5 5. Nf3 c4 6. Be2 Nf6 7. O-O Bd6 8. b3 cxb3 9. axb3 O-O 10. Na3 Bf5 11.
Nb5 Nc6 12. Nxd6 Qxd6 13. Ba3 Qc7 14. Bxf8 Rxf8 15. h3 Ne4 16. c4 Rd8 17. c5 a6 18. Re1 h6 19. Bf1 Nb4 20. Ne5 f6 21. Nd3 Nc6 22. Ra4 Qf7 23. Qc1 Qg6 24. Nf4 Qf7 25.
g4 Bd7 26. Ra2 Nb4 27. Ra1 Ng5 28.
Nd3 Nf3+ 29. Kg2 Nxe1+ 30. Qxe1 Nc2 31. Qd1 Nxa1 32. Qxa1 Bb5 33. Nb4 Bxf1+ 34. Qxf1 Qe6 35. Qd3 Re8 36. Nc2 Qe2 37. Qxe2 Rxe2 38. Ne3 Rb2 39. Nxd5 Rxb3 40. Ne3 a5 41. d5 a4 42. d6 Rd3 43.
Kf1 a3 44. Ke2 Rd4 45. Nc2 a2 46. Nxd4 a1=Q 47. Ke3 Qe1+ 48. Kd3 Qe8 49. Kc4 Qd7 50. Kd5 Kf7 51. c6 bxc6+ 52. Nxc6 Qe6+ 53. Kc5 Qe2 54. Kd5 Qd2+ 55. Kc5 Qc3+ 56. Kd5 Qd3+ 57. Kc5 Ke6 58.
Nd4+ Kd7 59. Nb5 Qc2+ 60. Kd5 Qd3+ 61. Kc5 Qc2+ 62. Kb4 Qxf2 63. Kc4 Qe2+ 64. Kc5 Qe3+ 65. Kd5 Qxh3 66. Nd4 Qxg4 67. Kc5 Qxd4+ 68. Kxd4 Kxd6 69.
Ke4 h5 70. Kf4 Kd5 71. Kg3 Ke4 72. Kh4 f5 73. Kxh5 f4 0-1

[Event "*** SCC Grand Prix: Titled Tuesday Blitz"]
[Site "Chess.com"]
[Date "2020.07.14"]
[Round "9"]
[White "FedaMaster"]
[Black "Mr_Sinigami"]
[Result "0-1"]
[WhiteElo "2382"]
[BlackElo "2579"]
[TimeControl "180+1"]
[EndTime "11:48:47 PDT"]
[Termination "Mr_Sinigami won by checkmate"]

1. e4 c5 2. d4 cxd4 3. c3 d3 4. Bxd3 Nc6 5. c4 d6 6. h3 g6 7. Nf3 Bg7 8. O-O Nf6 9. Nc3 O-O 10. Be3 Nd7 11. Rc1 Nde5 12. b3 Nxf3+ 13. Qxf3 Qa5 14. Bd2 Be6 15. Qd1 a6 16. f4 Qd8 17. f5 Bd7 18.
Nd5 e6 19. f6 Bh8 20. Bg5 exd5 21. exd5 Ne5 22. Bb1 b5 23. Qd4 Re8 24. c5 dxc5 25.
Qxc5 Rc8 26. Qd6 Rxc1 27. Rxc1 Bxh3 28. Qxd8 Rxd8 29. Re1 Rxd5 30. Bf4 Bxf6 31. Bxe5 Bxe5 32. gxh3 f6 33. Kg2 Rd2+ 34. Kf3 Rb2 35. Ke4 Kg7 36. Kd5 Rh2 37. Kc6 Rxh3 38. Kb6 b4 39. Kxa6 h5 40. Be4 Rh4 41. Bd5 Rd4 42. Bc4 h4 43. Rg1 h3 44.
Kb5 h2 45. Rh1 Rg4 46. Kxb4 Rg1 47. Bd5 g5 48. a4 g4 49. a5 g3 50. a6 Bd4 51. Kc4 Ba7 52. b4 g2 53. Bxg2 Rxg2 54. b5 Rb2 55. Kd5 Rxb5+ 56. Kc6 Rb6+ 57. Kc7 Rxa6 58.
Rxh2 Be3 59. Re2 Bg5 60. Kb7 Ra3 61. Kc6 Re3 62. Rf2 Re5 63. Kd6 Kg6 64. Rb2 Re1 65. Rb8 Bf4+ 66. Kd5 Bxb8 67. Kc6 Be5 68. Kd7 Bf4 69.
Kc8 Bg5 70. Kd7 f5 71. Kd6 f4 72. Kd5 f3 73. Kd4 f2 74. Kd3 f1=Q+ 75. Kd4 Qf4+ 76.
Kc5 Qe5+ 77. Kb6 Qd6+ 78. Kb7 Rb1+ 79. Kc8 Rb8# 0-1

[Event "*** SCC Grand Prix: Titled Tuesday Blitz"]
[Site "Chess.com"]
[Date "2020.07.14"]
[Round "9"]
[White "JuliaEfremova"]
[Black "profofchess"]
[Result "0-1"]
[WhiteElo "2309"]
[BlackElo "2465"]
[TimeControl "180+1"]
[EndTime "11:48:47 PDT"]
[Termination "profofchess won on time"]

1. d4 Nf6 2. Bf4 c5 3. e3 Nd5 4. Bg3 Qb6 5. b3 cxd4 6. Qxd4 Qxd4 7. exd4 Nb4 8. Na3 e6 9. Kd1 d6 10. c3 Nd5 11. Kc2 Be7 12. Bd3 O-O 13. Nc4 Rd8 14. Ne3 Nf6 15. Nf3 Nc6 16. Kb2 b6 17. h4 Bb7 18. h5 h6 19. Rae1 a6 20. Bh4 Rac8 21.
Rh3 Nh7 22. Bxe7 Nxe7 23. g4 Nd5 24. Nxd5 exd5 25. Rg3 Re8 26. Reg1 f6 27. Bxh7+ Kxh7 28. Nh4 Rcd8 29. f4 Re2+ 30. Ka3 Bc8 31. g5 fxg5 32. fxg5 hxg5 33. Rxg5 Rd7 34. Ng6 Rf7 35. R1g2 Rff2 36. Rxf2 Rxf2 37. Ne7 Be6 38. Nxd5 Rh2 39. Nf4 Bf7 40.
Ng6 Kh6 41. Rf5 Bxg6 42. hxg6 Kxg6 43. Rd5 Kf7 44. Rxd6 g5 45. Rxb6 g4 46. Rb7+ Kf6 47.
Rb6+ Kf7 48. Rb7+ Kf6 49. Rb8 Kf7 50. Rd8 g3 51. Rd7+ Kf6 52. Rd6+ Kf5 53. Rd8 Rh4 54. Rf8+ Ke4 55. Rf1 Rg4 56. Rg1 Kf3 57. d5 Kf2 58. Rxg3 Kxg3 59. c4 Kf4 60. Kb4 Ke5 61. Kc5 Rg6 62. a4 Ke4 63. b4 Ke5 64. b5 a5 65. b6 Rg8 66. Kb5 Rc8 67. b7 Rb8 68.
Kc6 Kd4 69. Kc7 Rg8 70. d6 Kxc4 71. d7 Kc5 72. b8=Q Rg7 0-1

[Event "*** SCC Grand Prix: Titled Tuesday Blitz"]
[Site "Chess.com"]
[Date "2020.07.14"]
[Round "9"]
[White "GMKrikor"]
[Black "RodinMihail"]
[Result "1-0"]
[WhiteElo "2691"]
[BlackElo "2477"]
[TimeControl "180+1"]
[EndTime "11:48:48 PDT"]
[Termination "GMKrikor won by checkmate"]

1. e4 e5 2. Bc4 Nc6 3. Nc3 Nf6 4. d3 Bc5 5. f4 d6 6. Nf3 Na5 7. fxe5 dxe5 8. Bb3 O-O 9. Qe2 Nxb3 10. axb3 c6 11. Nxe5 Re8 12. Nf3 Nd5 13. Bd2 Nb4 14.
O-O-O Qa5 15. Kb1 Be6 16. d4 Be7 17. Rhe1 Rad8 18. Bf4 b5 19. h3 f6 20. g4 Qb6 21.
Qh2 Rd7 22. g5 a5 23. gxf6 Bxf6 24. Be5 Be7 25. Rg1 Bf8 26. Ng5 a4 27. Nxe6 Rxe6 28. Rdf1 axb3 29. cxb3 g6 30. Qf4 Qd8 31. Qf5 Qe7 32.
Qf3 Qe8 33. h4 Rf7 34. Qxf7+ Qxf7 35. Rxf7 Kxf7 36. Ne2 Nd3 37. Rf1+ Kg8 38. Nf4 Nxf4 39. Rxf4 c5 40. Kc2 Be7 41. Kd3 cxd4 42. Bxd4 Ra6 43. e5 Re6 44. Ke4 Rc6 45. Kd5 Rc8 46. Ke6 Bf8 47.
Kd5 Rd8+ 48. Ke4 Re8 49. Rf6 Be7 50. Re6 Kf7 51. Rb6 Bxh4 52. Rxb5 g5 53. Kf5 Rg8 54. Rb7+ Ke8 55. e6 Rf8+ 56. Bf6 Rxf6+ 57. Kxf6 g4+ 58.
Kf5 g3 59. Rxh7 g2 60. Rg7 Kf8 61. Rxg2 Ke7 62. Re2 Bf2 63. Re4 Bc5 64. Rc4 Bd6 65.
b4 Kd8 66. b5 Ke7 67. Rc6 Bb8 68. b6 Bg3 69. Rc4 Kd6 70. b7 Ke7 71. Rc8 Bh2 72.
b8=Q Bxb8 73. Rxb8 Kd6 74. Re8 Kc7 75. Kf6 Kd6 76.
Rd8+ Kc5 77. e7 Kb4 78. Ke6 Kb3 79. Rb8+ Ka2 80. b4 Kb1 81. b5 Kc2 82. b6 Kc3 83.
Rc8+ Kb4 84. b7 Ka5 85. b8=Q Ka6 86. Rc7 Ka5 87. Ra7# 1-0

[Event "*** SCC Grand Prix: Titled Tuesday Blitz"]
[Site "Chess.com"]
[Date "2020.07.14"]
[Round "9"]
[White "exoticprincess"]
[Black "wonderfultime"]
[Result "1/2-1/2"]
[WhiteElo "2831"]
[BlackElo "2968"]
[TimeControl "180+1"]
[EndTime "11:48:54 PDT"]
[Termination "Game drawn by repetition"]

1. d4 d5 2. c4 c6 3. Nf3 Nf6 4. cxd5 cxd5 5. Nc3 Nc6 6. Bf4 a6 7. Ne5 e6 8. e3 Nxe5 9. Bxe5 Bd6 10. Bd3 O-O 11. O-O b5 12. Rc1 Bb7 13. f4 Rc8 14. Qf3 b4 15. Ne2 Ne4 16. Rxc8 Qxc8 17. Bxe4 dxe4 18.
Qg3 Bxe5 19. fxe5 Bd5 20. Nf4 f5 21. exf6 Rxf6 22. a3 b3 23. h3 Qc7 24. Kh2 h6 25. h4 Rf5 26. Rf2 Qf7 27. Nh3 Kh7 28. Rxf5 Qxf5 29. Nf4 a5 30. Qh3 Qf6 31. h5 Bc4 32.
Qg4 Kg8 33. Kg3 a4 34. Qg6 Qe7 35. Qxe4 Qg5+ 36. Kh3 Qd8 37. Qe5 Qe7 38. Kg3 Qe8 39.
d5 Qd8 40. Qxe6+ Kh8 41. Qe5 Bb5 42. Qxg7+ Kxg7 43. Ne6+ Kf6 44. Nxd8 Ke5 45. Nf7+ Kxd5 46.
Nxh6 Ke4 47. Nf7 Kxe3 48. Ne5 Bd3 49. Nxd3 Kxd3 50. h6 Kc2 51. h7 Kxb2 52. h8=Q+ Ka2 53. Qg8 Kxa3 54. Kf2 b2 55. Qg6 Ka2 56. Qc2 a3 57. Ke2 Ka1 58. Qc3 Ka2 59. Qc4+ Ka1 60.
Qb3 a2 61. Qc3 Kb1 62. Qe1+ Kc2 63. Qd1+ Kc3 64. Qd3+ Kb4 65. Qd4+ Kb3 66. Qd5+ Ka3 67. Qa5+ Kb3 68. Qb5+ Ka3 69. Qd3+ Kb4 70. Qd4+ Kb3 71. Qd5+ Ka3 72. Qc5+ Kb3 73. Qb5+ Ka3 74. Qd3+ Kb4 1/2-1/2